Sharks vs RedWings

Created - November-15-14 at 14:34

Goals
1 2 3 OT1 SO T
Sharks 0 1 2 0 1 4
RedWings 1 2 0 0 0 3
Shots
1 2 3 OT1 SO T
Sharks 12 8 8 3 3 31
RedWings 9 11 13 2 3 35

1st period

1. RedWings , Sam Gagner 6 (Loui Eriksson) at 7:41

Penalties :
Alexandre Burrows (DET) for Fighting (Major) at 5:18, Robert Bortuzzo (SJS) for Fighting (Major) at 5:18

2nd period

2. RedWings , Paul Martin 1 (Sean Bergenheim, Joe Thornton) at 4:00
3. Sharks , Jannik Hansen 2 (Chris Butler, Drew Stafford) at 18:07 (PP)
4. RedWings , Ondrej Palat 9 (Kevin Connauton, Sam Gagner) at 19:42

Penalties :
Matt Beleskey (SJS) for Hooking (Minor) at 0:48, Hal Gill (DET) for Hooking (Minor) at 5:08, Tyler Bozak (SJS) for Hooking (Minor) at 9:46, Jannik Hansen (SJS) for Holding (Minor) at 10:55, Mark Fraser (DET) for Tripping (Minor) at 17:44

3rd period

5. Sharks , Stephen Weiss 1 (Cory Sarich, Rich Peverley) at 8:36 (PP)
6. Sharks , Matt Beleskey 3 (Tyler Bozak, Cory Sarich) at 19:32

Penalties :
Andrew Shaw (SJS) for Hooking (Minor) at 3:14, Paul Martin (DET) for Hooking (Minor) at 7:37, Sam Gagner (DET) for Hooking (Minor) at 9:59, Matt Beleskey (SJS) for Holding Stick (Minor) at 13:11

Overtime #1

No Goal

Penalties :
No Penalty

Shootout

Penalty Shot by Tyler Bozak for Sharks - Stopped by Roberto Luongo
Penalty Shot by Joe Thornton for RedWings - Shot Misses the Net
Penalty Shot by Andrew Shaw for Sharks - Goal!
Penalty Shot by Loui Eriksson for RedWings - Stopped by Jonas Hiller
Penalty Shot by Rich Peverley for Sharks - Stopped by Roberto Luongo
Penalty Shot by Alexandre Burrows for RedWings - Shot Misses the Net

Penalties :
No Penalty

Goalie Stats

Jonas Hiller (SJS), 32 saves from 35 shots - (0.914), W, 6-3-2, 64:20 minutes
Roberto Luongo (DET), 28 saves from 31 shots - (0.903), OTL, 5-4-3, 65:00 minutes

Players Stats for Sharks

Player Name              G  A  P  +/- PIM S  H  SB GA TA FO     MP     PP MP  PK MP  
------------------------------------------------------------------------------------
Andrew Shaw              0  0  0  -1  2   4  3  0  0  0  0/2    24:56   1:52   1:29 
Chris Butler             0  1  1  -1  0   1  1  2  0  0  0/0    23:17   3:21   4:05 
Cory Sarich              0  2  2   0  0   1  3  1  0  0  0/0    22:03   3:21   4:27 
David Savard             0  0  0   0  0   0  0  0  0  0  0/0     0:00   0:00   0:00 
Drew Stafford            0  1  1  -1  0   2  2  0  0  0  4/10   23:56   3:28   5:17 
Jannik Hansen            1  0  1   0  2   4  0  0  0  0  0/0    22:13   3:28   1:58 
Joe Corvo                0  0  0   0  0   0  0  0  0  0  0/0     0:54   0:00   0:00 
Jordan Leopold           0  0  0   0  0   0  0  0  0  0  0/0     0:00   0:00   0:00 
Kyle Quincey             0  0  0  -1  0   0  2  0  0  0  0/0    25:26   1:59   4:38 
Martin Havlat            0  0  0  -1  0   0  0  0  0  0  0/1    15:45   0:00   0:00 
Matt Beleskey            1  0  1   1  4   6  8  0  0  0  0/0    18:50   3:28   0:26 
Michael Kostka           0  0  0  -1  0   0  0  1  0  0  0/0    15:44   0:00   0:22 
Rich Peverley            0  1  1   0  0   4  0  0  0  0  16/28  21:08   1:52   3:08 
Robert Bortuzzo          0  0  0   0  5   0  2  0  0  0  0/0    15:32   0:00   0:00 
Stephen Weiss            1  0  1  -2  0   1  0  0  0  0  2/6    13:04   0:26   0:26 
Tomas Jurco              0  0  0  -2  0   0  2  0  0  0  0/2    12:12   0:00   0:00 
Tyler Bozak              0  1  1   0  2   7  0  0  0  0  22/35  27:56   1:26   4:35 
Vyacheslav Voynov        0  0  0  -1  0   1  1  1  0  0  0/0    27:03   1:59   4:38 

Players Stats for RedWings

Player Name              G  A  P  +/- PIM S  H  SB GA TA FO     MP     PP MP  PK MP  
------------------------------------------------------------------------------------
Alexandre Burrows        0  0  0   0  5   1  1  1  0  0  0/1    17:17   4:47   1:46 
Andrew Cogliano          0  0  0   0  0   0  0  0  0  0  0/0     0:24   0:00   0:00 
Chris Summers            0  0  0   0  0   0  1  1  0  0  0/0     3:14   0:00   0:00 
Eric Brewer              0  0  0   0  0   3  3  2  0  0  0/0    27:52   3:00   2:10 
Hal Gill                 0  0  0  -1  2   2  1  0  0  0  0/0    13:43   0:13   0:00 
Jake Gardiner            0  0  0   0  0   6  2  1  0  0  0/0    28:25   5:24   3:03 
Joe Thornton             0  1  1   0  0   4  0  0  0  0  22/33  21:20   4:47   3:51 
Kevin Connauton          0  1  1   2  0   1  0  1  0  0  0/0    15:19   3:57   2:30 
Loui Eriksson            0  1  1   2  0   2  0  0  0  0  1/2    24:15   4:14   0:00 
Mark Arcobello           0  0  0   0  0   1  0  0  0  0  7/21   15:43   4:18   0:00 
Mark Fraser              0  0  0   2  2   0  3  0  0  0  0/0    20:25   5:23   2:34 
Ondrej Palat             1  0  1   2  0   5  6  0  0  0  0/1    18:02   0:00   0:00 
Paul Martin              1  0  1   1  2   1  1  1  0  0  0/0    20:59   0:13   0:23 
Sam Gagner               1  1  2   2  2   6  0  0  0  0  4/15   19:41   0:00   0:33 
Sean Bergenheim          0  1  1   0  0   1  2  0  0  0  0/1    20:34   4:18   3:34 
Tuomo Ruutu              0  0  0   0  0   2  3  0  0  0  3/5    25:35   4:18   0:56 
Tyler Toffoli            0  0  0   0  0   0  0  0  0  0  1/1    16:53   0:33   0:00 
Ville Leino              0  0  0   0  0   0  0  0  0  0  2/4     4:54   0:00   0:00 

3 Stars

1 - Ondrej Palat (DET)
2 - Sam Gagner (DET)
3 - Matt Beleskey (SJS)

Power Play

Sharks - 2 on 4 Attempt(s) - 50.00%
RedWings - 0 on 5 Attempt(s) - 0.00%

Penalty Kill

Sharks - 5 on 5 Attempt(s) - 100.00% - Score 0 goal in Penalty Kill
RedWings - 2 on 4 Attempt(s) - 50.00% - Score 0 goal in Penalty Kill

Official

Referees : Paul Devorski and TJ Luxmore
Linesman : David Brisebois and Andy McElman

Game Notes

Robert Bortuzzo beats up Alexandre Burrows at 5:18 of 1st period
Chris Summers is injured at 8:03 of 1st period (Left Knee)

Finance

Level 1 -- Attendance: 6471 (99.55%) -- Ticket Income $485,325
Level 2 -- Attendance: 5000 (100.00%) -- Ticket Income $250,000
Level 3 -- Attendance: 3402 (97.20%) -- Ticket Income $102,060
Level 4 -- Attendance: 3138 (77.18%) -- Ticket Income $62,760
Luxury Box -- Attendance: 942 (94.20%) -- Ticket Income $141,300
Game was played at the Joe Louis Arena
Total Attendance: 18953 (94.45%)
Total Ticket Income: $1,041,445
Other Income: $156,217
Total Income: $1,197,662

% Time on Ice - Sharks

Lines # - Real PCT - Wanted PCT - Time Play
Normal Forward
1 - 35% - 35% - 15:45
2 - 31% - 28% - 14:13
3 - 27% - 22% - 12:12
4 - 7% - 15% - 3:11
Normal Defense
1 - 36% - 40% - 16:17
2 - 30% - 35% - 13:42
3 - 34% - 25% - 15:22
4 - 0% - 0% - 0:00
PP Forward
1 - 35% - 67% - 1:52
2 - 65% - 33% - 3:28
PP Defense
1 - 37% - 60% - 1:59
2 - 63% - 40% - 3:21
PK Forward
1 - 69% - 55% - 5:43
2 - 31% - 45% - 2:32
PK Defense
1 - 49% - 55% - 4:05
2 - 51% - 45% - 4:10
PK3 Forward
1 - 100% - 60% - 0:50
2 - 0% - 40% - 0:00
PK3 Defense
1 - 56% - 60% - 0:28
2 - 44% - 40% - 0:22
44 Forward
1 - 55% - 55% - 2:46
2 - 45% - 45% - 2:14
44 Defense
1 - 57% - 55% - 2:51
2 - 43% - 45% - 2:09
Last Minute Offensive  - 0:14
Last Minute Defensive  - 0:00
Total
Forward - 65:00
Defense - 65:00

% Time on Ice - RedWings

Lines # - Real PCT - Wanted PCT - Time Play
Normal Forward
1 - 40% - 45% - 18:02
2 - 28% - 35% - 12:42
3 - 22% - 15% - 9:57
4 - 11% - 5% - 4:54
Normal Defense
1 - 13% - 40% - 6:09
2 - 39% - 30% - 17:57
3 - 30% - 20% - 13:31
4 - 17% - 10% - 7:58
PP Forward
1 - 53% - 60% - 4:47
2 - 47% - 40% - 4:18
PP Defense
1 - 78% - 60% - 7:03
2 - 22% - 40% - 2:02
PK Forward
1 - 79% - 60% - 4:13
2 - 21% - 40% - 1:07
PK Defense
1 - 41% - 60% - 2:10
2 - 59% - 40% - 3:10
PK3 Forward
1 - 0% - 60%
2 - 0% - 40%
PK3 Defense
1 - 0% - 60%
2 - 0% - 40%
44 Forward
1 - 71% - 60% - 3:32
2 - 29% - 40% - 1:28
44 Defense
1 - 49% - 60% - 2:27
2 - 51% - 40% - 2:33
Last Minute Offensive  - 0:00
Last Minute Defensive  - 0:00
Total
Forward - 65:00
Defense - 65:00

Play by Play

1st period


0:01 of 1st period - Tyler Bozak wins face-off versus Sam Gagner in neutral zone.
0:12 of 1st period - Shot by Tyler Bozak.
0:12 of 1st period - Stopped by Roberto Luongo without a rebound.
0:13 of 1st period - Joe Thornton wins face-off versus Rich Peverley in RedWings zone.
0:13 of 1st period - Joe Thornton is hit by Matt Beleskey.
0:27 of 1st period - Cory Sarich is hit by Chris Summers and loses puck.
1:26 of 1st period - Drew Stafford is hit by Paul Martin and loses puck.
1:49 of 1st period - Shot by Loui Eriksson.
1:49 of 1st period - Shot Misses the Net.
1:57 of 1st period - Shot by Sam Gagner.
1:57 of 1st period - Stopped by Jonas Hiller without a rebound.
1:58 of 1st period - Tyler Bozak wins face-off versus Mark Arcobello in Sharks zone.
2:21 of 1st period - Shot by Mark Arcobello.
2:21 of 1st period - Deflect By Alexandre Burrows.
2:21 of 1st period - Stopped by Jonas Hiller with a rebound.
4:10 of 1st period - Chris Butler is hit by Ondrej Palat and loses puck.
4:20 of 1st period - Chris Butler is hit by Tuomo Ruutu and loses puck.
5:18 of 1st period - Robert Bortuzzo beats up Alexandre Burrows.
5:18 of 1st period - Penalty to Alexandre Burrows for Fighting.
5:18 of 1st period - Penalty to Robert Bortuzzo for Fighting.
5:19 of 1st period - Mark Arcobello wins face-off versus Rich Peverley in Sharks zone.
5:38 of 1st period - Shot by Matt Beleskey.
5:38 of 1st period - Stopped by Roberto Luongo with a rebound.
6:07 of 1st period - Joe Corvo is hit by Ondrej Palat and loses puck.
6:14 of 1st period - Shot by Drew Stafford.
6:14 of 1st period - Deflect By Stephen Weiss.
6:14 of 1st period - Shot Blocked by Paul Martin.
6:16 of 1st period - Shot by Tomas Jurco.
6:16 of 1st period - Shot Misses the Net.
6:27 of 1st period - Off-side.
6:28 of 1st period - Joe Thornton wins face-off versus Tyler Bozak in neutral zone.
6:30 of 1st period - Sean Bergenheim is hit by Kyle Quincey and loses puck.
6:47 of 1st period - Shot by Andrew Shaw.
6:47 of 1st period - Stopped by Roberto Luongo without a rebound.
6:48 of 1st period - Mark Arcobello wins face-off versus Rich Peverley in RedWings zone.
6:48 of 1st period - Sam Gagner is hit by Matt Beleskey and loses puck.
6:52 of 1st period - Mark Arcobello is hit by Matt Beleskey and loses puck.
7:21 of 1st period - Shot by Matt Beleskey.
7:21 of 1st period - Stopped by Roberto Luongo without a rebound.
7:22 of 1st period - Tyler Bozak wins face-off versus Joe Thornton in RedWings zone.
7:39 of 1st period - Shot by Joe Thornton.
7:39 of 1st period - Deflect By Tuomo Ruutu.
7:39 of 1st period - Stopped by Jonas Hiller without a rebound.
7:40 of 1st period - Loui Eriksson wins face-off versus Drew Stafford in Sharks zone.
7:41 of 1st period - Shot by Sam Gagner.
7:41 of 1st period - Goal by Sam Gagner - Sharks : 0 - RedWings : 1.
7:42 of 1st period - Joe Thornton wins face-off versus Tyler Bozak in neutral zone.
7:45 of 1st period - Shot by Sean Bergenheim.
7:45 of 1st period - Shot Misses the Net.
7:53 of 1st period - Shot by Tyler Bozak.
7:53 of 1st period - Shot Misses the Net.
7:55 of 1st period - Shot by Tyler Bozak.
7:55 of 1st period - Stopped by Roberto Luongo without a rebound.
7:56 of 1st period - Rich Peverley wins face-off versus Sam Gagner in RedWings zone.
8:01 of 1st period - Shot by Chris Butler.
8:01 of 1st period - Shot Misses the Net.
8:03 of 1st period - Shot by Cory Sarich.
8:03 of 1st period - Shot Blocked by Chris Summers.
8:03 of 1st period - Chris Summers from RedWings is injured at 8:03 of 1st period (Left Knee).
8:04 of 1st period - Tyler Bozak wins face-off versus Sam Gagner in RedWings zone.
8:05 of 1st period - Shot by Andrew Shaw.
8:05 of 1st period - Shot Misses the Net.
8:08 of 1st period - Icing by Paul Martin.
8:09 of 1st period - Tyler Bozak wins face-off versus Sam Gagner in RedWings zone.
8:16 of 1st period - Shot by Tyler Bozak.
8:16 of 1st period - Shot Blocked by Eric Brewer.
8:43 of 1st period - Shot by Tyler Bozak.
8:43 of 1st period - Deflect By Drew Stafford.
8:43 of 1st period - Shot Misses the Net.
8:45 of 1st period - Shot by Tyler Bozak.
8:45 of 1st period - Stopped by Roberto Luongo without a rebound.
8:46 of 1st period - Ville Leino wins face-off versus Rich Peverley in RedWings zone.
9:03 of 1st period - Shot by Matt Beleskey.
9:03 of 1st period - Shot Misses the Net.
9:05 of 1st period - Shot by Rich Peverley.
9:05 of 1st period - Stopped by Roberto Luongo without a rebound.
9:06 of 1st period - Joe Thornton wins face-off versus Stephen Weiss in RedWings zone.
9:29 of 1st period - Shot by Joe Thornton.
9:29 of 1st period - Shot Misses the Net.
10:04 of 1st period - Shot by Sam Gagner.
10:04 of 1st period - Shot Misses the Net.
10:12 of 1st period - Shot by Ondrej Palat.
10:12 of 1st period - Shot Misses the Net.
10:24 of 1st period - Shot by Ondrej Palat.
10:24 of 1st period - Shot Misses the Net.
10:26 of 1st period - Shot by Jake Gardiner.
10:26 of 1st period - Stopped by Jonas Hiller without a rebound.
10:27 of 1st period - Tyler Bozak wins face-off versus Mark Arcobello in Sharks zone.
10:36 of 1st period - Shot by Martin Havlat.
10:36 of 1st period - Shot Misses the Net.
10:46 of 1st period - Shot by Tyler Bozak.
10:46 of 1st period - Stopped by Roberto Luongo without a rebound.
10:47 of 1st period - Joe Thornton wins face-off versus Rich Peverley in RedWings zone.
10:47 of 1st period - Joe Thornton is hit by Matt Beleskey.
11:01 of 1st period - Shot by Eric Brewer.
11:01 of 1st period - Shot Misses the Net.
11:54 of 1st period - Jake Gardiner is hit by Andrew Shaw and loses puck.
12:14 of 1st period - Icing by Vyacheslav Voynov.
12:15 of 1st period - Tyler Bozak wins face-off versus Mark Arcobello in Sharks zone.
12:24 of 1st period - Shot by Andrew Shaw.
12:24 of 1st period - Stopped by Roberto Luongo with a rebound.
12:26 of 1st period - Shot by Tyler Bozak.
12:26 of 1st period - Shot Misses the Net.
12:40 of 1st period - Mark Arcobello is hit by Drew Stafford and loses puck.
13:12 of 1st period - Shot by Michael Kostka.
13:12 of 1st period - Shot Misses the Net.
13:14 of 1st period - Shot by Robert Bortuzzo.
13:14 of 1st period - Shot Misses the Net.
13:42 of 1st period - Shot by Sam Gagner.
13:42 of 1st period - Stopped by Jonas Hiller without a rebound.
13:43 of 1st period - Joe Thornton wins face-off versus Tyler Bozak in Sharks zone.
13:50 of 1st period - Shot by Joe Thornton.
13:50 of 1st period - Stopped by Jonas Hiller without a rebound.
13:51 of 1st period - Sam Gagner wins face-off versus Martin Havlat in Sharks zone.
14:11 of 1st period - Shot by Andrew Shaw.
14:11 of 1st period - Stopped by Roberto Luongo without a rebound.
14:12 of 1st period - Rich Peverley wins face-off versus Joe Thornton in RedWings zone.
15:01 of 1st period - Joe Thornton is hit by Matt Beleskey.
15:56 of 1st period - Shot by Loui Eriksson.
15:56 of 1st period - Shot Misses the Net.
16:12 of 1st period - Off-side.
16:13 of 1st period - Mark Arcobello wins face-off versus Stephen Weiss in neutral zone.
16:18 of 1st period - Shot by Tyler Toffoli.
16:18 of 1st period - Shot Misses the Net.
16:30 of 1st period - Mark Arcobello is hit by Cory Sarich and loses puck.
16:55 of 1st period - Shot by Drew Stafford.
16:55 of 1st period - Stopped by Roberto Luongo with a rebound.
17:05 of 1st period - Shot by Tyler Bozak.
17:05 of 1st period - Stopped by Roberto Luongo without a rebound.
17:06 of 1st period - Sam Gagner wins face-off versus Rich Peverley in RedWings zone.
17:06 of 1st period - Sam Gagner is hit by Matt Beleskey.
17:30 of 1st period - Shot by Sam Gagner.
17:30 of 1st period - Stopped by Jonas Hiller without a rebound.
17:31 of 1st period - Joe Thornton wins face-off versus Andrew Shaw in Sharks zone.
17:40 of 1st period - Shot by Tuomo Ruutu.
17:40 of 1st period - Deflect By Joe Thornton.
17:40 of 1st period - Shot Blocked by Michael Kostka.
18:12 of 1st period - Robert Bortuzzo is hit by Tuomo Ruutu and loses puck.
18:40 of 1st period - Paul Martin is hit by Tomas Jurco.
18:43 of 1st period - Joe Thornton is hit by Tomas Jurco.
19:23 of 1st period - Shot by Ondrej Palat.
19:23 of 1st period - Stopped by Jonas Hiller without a rebound.
19:24 of 1st period - Rich Peverley wins face-off versus Mark Arcobello in Sharks zone.
Goals for this period are 0 for Sharks vs 1 for RedWings.
Shots for this period are 12 for Sharks vs 9 for RedWings.

2nd period


0:01 of 2nd period - Sam Gagner wins face-off versus Drew Stafford in neutral zone.
0:09 of 2nd period - Tyler Bozak is hit by Jake Gardiner and loses puck.
0:38 of 2nd period - Shot by Drew Stafford.
0:38 of 2nd period - Shot Misses the Net.
0:40 of 2nd period - Shot by Vyacheslav Voynov.
0:40 of 2nd period - Shot Misses the Net.
0:42 of 2nd period - Shot by Andrew Shaw.
0:42 of 2nd period - Stopped by Roberto Luongo without a rebound.
0:43 of 2nd period - Rich Peverley wins face-off versus Ville Leino in RedWings zone.
0:46 of 2nd period - Shot by Matt Beleskey.
0:46 of 2nd period - Stopped by Roberto Luongo without a rebound.
0:47 of 2nd period - Ville Leino wins face-off versus Rich Peverley in RedWings zone.
0:47 of 2nd period - Ville Leino is hit by Matt Beleskey.
0:48 of 2nd period - Minor Penalty to Matt Beleskey for Hooking.
0:49 of 2nd period - Tyler Bozak wins face-off versus Mark Arcobello in Sharks zone.
1:09 of 2nd period - Mark Arcobello is hit by Cory Sarich and loses puck.
1:12 of 2nd period - Shot by Tuomo Ruutu.
1:12 of 2nd period - Stopped by Jonas Hiller without a rebound.
1:13 of 2nd period - Rich Peverley wins face-off versus Joe Thornton in Sharks zone.
1:44 of 2nd period - Icing by Eric Brewer.
1:45 of 2nd period - Joe Thornton wins face-off versus Rich Peverley in RedWings zone.
1:54 of 2nd period - Shot by Eric Brewer.
1:54 of 2nd period - Stopped by Jonas Hiller with a rebound.
1:56 of 2nd period - Shot by Eric Brewer.
1:56 of 2nd period - Stopped by Jonas Hiller with a rebound.
1:58 of 2nd period - Shot by Eric Brewer.
1:58 of 2nd period - Shot Misses the Net.
2:02 of 2nd period - Shot by Loui Eriksson.
2:02 of 2nd period - Deflect By Joe Thornton.
2:02 of 2nd period - Shot Misses the Net.
2:58 of 2nd period - Rich Peverley is hit by Ondrej Palat and loses puck.
3:28 of 2nd period - Off-side.
3:29 of 2nd period - Tyler Bozak wins face-off versus Mark Arcobello in neutral zone.
3:52 of 2nd period - Shot by Mark Arcobello.
3:52 of 2nd period - Shot Misses the Net.
3:54 of 2nd period - Shot by Tyler Toffoli.
3:54 of 2nd period - Shot Misses the Net.
3:56 of 2nd period - Shot by Hal Gill.
3:56 of 2nd period - Stopped by Jonas Hiller without a rebound.
3:57 of 2nd period - Joe Thornton wins face-off versus Stephen Weiss in Sharks zone.
3:58 of 2nd period - Shot by Sean Bergenheim.
3:58 of 2nd period - Shot Misses the Net.
4:00 of 2nd period - Shot by Paul Martin.
4:00 of 2nd period - Goal by Paul Martin - Sharks : 0 - RedWings : 2.
4:01 of 2nd period - Joe Thornton wins face-off versus Stephen Weiss in neutral zone.
4:05 of 2nd period - Eric Brewer is hit by Kyle Quincey and loses puck.
4:10 of 2nd period - Shot by Joe Thornton.
4:10 of 2nd period - Stopped by Jonas Hiller without a rebound.
4:11 of 2nd period - Tyler Bozak wins face-off versus Sam Gagner in Sharks zone.
5:08 of 2nd period - Minor Penalty to Hal Gill for Hooking.
5:09 of 2nd period - Joe Thornton wins face-off versus Drew Stafford in RedWings zone.
5:36 of 2nd period - Shot by Matt Beleskey.
5:36 of 2nd period - Stopped by Roberto Luongo with a rebound.
5:38 of 2nd period - Shot by Cory Sarich.
5:38 of 2nd period - Stopped by Roberto Luongo without a rebound.
5:39 of 2nd period - Tyler Bozak wins face-off versus Joe Thornton in RedWings zone.
6:21 of 2nd period - Off-side.
6:22 of 2nd period - Drew Stafford wins face-off versus Joe Thornton in neutral zone.
8:17 of 2nd period - Shot by Sam Gagner.
8:17 of 2nd period - Shot Misses the Net.
8:19 of 2nd period - Shot by Loui Eriksson.
8:19 of 2nd period - Stopped by Jonas Hiller without a rebound.
8:20 of 2nd period - Rich Peverley wins face-off versus Joe Thornton in Sharks zone.
9:06 of 2nd period - Joe Thornton is hit by Matt Beleskey.
9:13 of 2nd period - Icing by Vyacheslav Voynov.
9:14 of 2nd period - Rich Peverley wins face-off versus Ondrej Palat in Sharks zone.
9:46 of 2nd period - Minor Penalty to Tyler Bozak for Hooking.
9:47 of 2nd period - Joe Thornton wins face-off versus Andrew Shaw in Sharks zone.
9:56 of 2nd period - Shot by Mark Fraser.
9:56 of 2nd period - Shot Misses the Net.
10:14 of 2nd period - Shot by Joe Thornton.
10:14 of 2nd period - Stopped by Jonas Hiller without a rebound.
10:15 of 2nd period - Mark Arcobello wins face-off versus Rich Peverley in Sharks zone.
10:44 of 2nd period - Shot by Jake Gardiner.
10:44 of 2nd period - Stopped by Jonas Hiller with a rebound.
10:55 of 2nd period - Minor Penalty to Jannik Hansen for Holding.
10:56 of 2nd period - Joe Thornton wins face-off versus Rich Peverley in Sharks zone.
13:13 of 2nd period - Icing by Robert Bortuzzo.
13:14 of 2nd period - Tyler Toffoli wins face-off versus Tomas Jurco in Sharks zone.
15:21 of 2nd period - Shot by Tyler Bozak.
15:21 of 2nd period - Stopped by Roberto Luongo with a rebound.
15:32 of 2nd period - Icing by Jake Gardiner.
15:33 of 2nd period - Stephen Weiss wins face-off versus Ville Leino in RedWings zone.
15:33 of 2nd period - Michael Kostka is hit by Hal Gill and loses puck.
16:39 of 2nd period - Shot by Rich Peverley.
16:39 of 2nd period - Stopped by Roberto Luongo without a rebound.
16:40 of 2nd period - Tyler Bozak wins face-off versus Loui Eriksson in RedWings zone.
16:40 of 2nd period - Vyacheslav Voynov is hit by Mark Fraser and loses puck.
16:58 of 2nd period - Tyler Bozak is hit by Mark Fraser and loses puck.
17:28 of 2nd period - Tyler Bozak is hit by Mark Fraser and loses puck.
17:41 of 2nd period - Shot by Matt Beleskey.
17:41 of 2nd period - Shot Misses the Net.
17:44 of 2nd period - Minor Penalty to Mark Fraser for Tripping.
17:45 of 2nd period - Joe Thornton wins face-off versus Drew Stafford in RedWings zone.
17:51 of 2nd period - Icing by Jannik Hansen.
17:52 of 2nd period - Joe Thornton wins face-off versus Drew Stafford in Sharks zone.
18:07 of 2nd period - Shot by Jannik Hansen.
18:07 of 2nd period - Goal by Jannik Hansen - Sharks : 1 - RedWings : 2.
18:08 of 2nd period - Mark Arcobello wins face-off versus Tomas Jurco in neutral zone.
18:22 of 2nd period - Tomas Jurco is hit by Eric Brewer and loses puck.
18:28 of 2nd period - Drew Stafford is hit by Eric Brewer and loses puck.
18:31 of 2nd period - Shot by Drew Stafford.
18:31 of 2nd period - Stopped by Roberto Luongo without a rebound.
18:32 of 2nd period - Tyler Bozak wins face-off versus Joe Thornton in RedWings zone.
18:32 of 2nd period - Tyler Bozak is hit by Eric Brewer.
18:34 of 2nd period - Shot by Cory Sarich.
18:34 of 2nd period - Shot Blocked by Alexandre Burrows.
19:19 of 2nd period - Chris Butler is hit by Ondrej Palat and loses puck.
19:34 of 2nd period - Shot by Loui Eriksson.
19:34 of 2nd period - Shot Misses the Net.
19:36 of 2nd period - Shot by Ondrej Palat.
19:36 of 2nd period - Shot Misses the Net.
19:38 of 2nd period - Shot by Sam Gagner.
19:38 of 2nd period - Shot Misses the Net.
19:40 of 2nd period - Shot by Kevin Connauton.
19:40 of 2nd period - Stopped by Jonas Hiller with a rebound.
19:42 of 2nd period - Shot by Ondrej Palat.
19:42 of 2nd period - Goal by Ondrej Palat - Sharks : 1 - RedWings : 3.
19:43 of 2nd period - Rich Peverley wins face-off versus Mark Arcobello in neutral zone.
Goals for this period are 1 for Sharks vs 2 for RedWings.
Shots for this period are 8 for Sharks vs 11 for RedWings.

3rd period


0:01 of 3rd period - Sam Gagner wins face-off versus Tyler Bozak in neutral zone.
0:16 of 3rd period - Shot by Loui Eriksson.
0:16 of 3rd period - Shot Misses the Net.
1:13 of 3rd period - Shot by Sean Bergenheim.
1:13 of 3rd period - Stopped by Jonas Hiller without a rebound.
1:14 of 3rd period - Rich Peverley wins face-off versus Mark Arcobello in Sharks zone.
1:31 of 3rd period - Shot by Mark Arcobello.
1:31 of 3rd period - Shot Blocked by Cory Sarich.
1:33 of 3rd period - Shot by Hal Gill.
1:33 of 3rd period - Stopped by Jonas Hiller without a rebound.
1:34 of 3rd period - Joe Thornton wins face-off versus Rich Peverley in Sharks zone.
2:26 of 3rd period - Icing by Matt Beleskey.
2:27 of 3rd period - Rich Peverley wins face-off versus Sam Gagner in Sharks zone.
2:52 of 3rd period - Shot by Ondrej Palat.
2:52 of 3rd period - Deflect By Sam Gagner.
2:52 of 3rd period - Stopped by Jonas Hiller without a rebound.
2:53 of 3rd period - Tyler Bozak wins face-off versus Mark Arcobello in Sharks zone.
3:14 of 3rd period - Minor Penalty to Andrew Shaw for Hooking.
3:15 of 3rd period - Joe Thornton wins face-off versus Tyler Bozak in Sharks zone.
3:18 of 3rd period - Shot by Joe Thornton.
3:18 of 3rd period - Stopped by Jonas Hiller without a rebound.
3:19 of 3rd period - Tyler Bozak wins face-off versus Joe Thornton in Sharks zone.
4:18 of 3rd period - Shot by Eric Brewer.
4:18 of 3rd period - Shot Blocked by Chris Butler.
4:20 of 3rd period - Shot by Tuomo Ruutu.
4:20 of 3rd period - Deflect By Mark Arcobello.
4:20 of 3rd period - Shot Misses the Net.
4:50 of 3rd period - Sean Bergenheim is hit by Drew Stafford.
5:42 of 3rd period - Shot by Rich Peverley.
5:42 of 3rd period - Shot Misses the Net.
6:53 of 3rd period - Mark Arcobello is hit by Andrew Shaw and loses puck.
7:05 of 3rd period - Paul Martin is hit by Vyacheslav Voynov and loses puck.
7:19 of 3rd period - Drew Stafford is hit by Jake Gardiner and loses puck.
7:37 of 3rd period - Minor Penalty to Paul Martin for Hooking.
7:38 of 3rd period - Joe Thornton wins face-off versus Drew Stafford in RedWings zone.
7:50 of 3rd period - Jannik Hansen is hit by Sean Bergenheim.
7:54 of 3rd period - Shot by Vyacheslav Voynov.
7:54 of 3rd period - Shot Blocked by Eric Brewer.
7:56 of 3rd period - Shot by Jannik Hansen.
7:56 of 3rd period - Stopped by Roberto Luongo with a rebound.
7:58 of 3rd period - Shot by Drew Stafford.
7:58 of 3rd period - Shot Misses the Net.
8:34 of 3rd period - Shot by Cory Sarich.
8:34 of 3rd period - Shot Blocked by Kevin Connauton.
8:36 of 3rd period - Shot by Stephen Weiss.
8:36 of 3rd period - Goal by Stephen Weiss - Sharks : 2 - RedWings : 3.
8:37 of 3rd period - Rich Peverley wins face-off versus Sam Gagner in neutral zone.
8:43 of 3rd period - Icing by Jake Gardiner.
8:44 of 3rd period - Tyler Bozak wins face-off versus Sam Gagner in RedWings zone.
9:11 of 3rd period - Icing by Tyler Bozak.
9:12 of 3rd period - Tuomo Ruutu wins face-off versus Tyler Bozak in Sharks zone.
9:26 of 3rd period - Sean Bergenheim is hit by Robert Bortuzzo.
9:59 of 3rd period - Minor Penalty to Sam Gagner for Hooking.
10:00 of 3rd period - Drew Stafford wins face-off versus Joe Thornton in RedWings zone.
10:01 of 3rd period - Shot by Jannik Hansen.
10:01 of 3rd period - Shot Misses the Net.
10:03 of 3rd period - Shot by Chris Butler.
10:03 of 3rd period - Stopped by Roberto Luongo with a rebound.
10:34 of 3rd period - Icing by Drew Stafford.
10:35 of 3rd period - Drew Stafford wins face-off versus Alexandre Burrows in Sharks zone.
11:35 of 3rd period - Off-side.
11:36 of 3rd period - Drew Stafford wins face-off versus Joe Thornton in neutral zone.
11:56 of 3rd period - Shot by Jannik Hansen.
11:56 of 3rd period - Stopped by Roberto Luongo without a rebound.
11:57 of 3rd period - Tuomo Ruutu wins face-off versus Tyler Bozak in RedWings zone.
12:02 of 3rd period - Michael Kostka is hit by Ondrej Palat and loses puck.
12:19 of 3rd period - Shot by Ondrej Palat.
12:19 of 3rd period - Stopped by Jonas Hiller without a rebound.
12:20 of 3rd period - Mark Arcobello wins face-off versus Tyler Bozak in Sharks zone.
12:21 of 3rd period - Shot by Tyler Toffoli.
12:21 of 3rd period - Shot Misses the Net.
12:28 of 3rd period - Icing by Kyle Quincey.
12:29 of 3rd period - Tyler Bozak wins face-off versus Sam Gagner in Sharks zone.
12:29 of 3rd period - Tyler Bozak is hit by Ondrej Palat.
12:37 of 3rd period - Shot by Ondrej Palat.
12:37 of 3rd period - Stopped by Jonas Hiller with a rebound.
12:49 of 3rd period - Shot by Loui Eriksson.
12:49 of 3rd period - Stopped by Jonas Hiller with a rebound.
12:51 of 3rd period - Shot by Eric Brewer.
12:51 of 3rd period - Shot Blocked by Vyacheslav Voynov.
13:02 of 3rd period - Off-side.
13:03 of 3rd period - Joe Thornton wins face-off versus Rich Peverley in neutral zone.
13:08 of 3rd period - Shot by Rich Peverley.
13:08 of 3rd period - Stopped by Roberto Luongo without a rebound.
13:09 of 3rd period - Rich Peverley wins face-off versus Joe Thornton in RedWings zone.
13:11 of 3rd period - Minor Penalty to Matt Beleskey for Holding Stick.
13:12 of 3rd period - Joe Thornton wins face-off versus Tyler Bozak in Sharks zone.
13:21 of 3rd period - Shot by Jake Gardiner.
13:21 of 3rd period - Shot Blocked by Chris Butler.
13:31 of 3rd period - Vyacheslav Voynov is hit by Alexandre Burrows and loses puck.
13:38 of 3rd period - Shot by Jake Gardiner.
13:38 of 3rd period - Stopped by Jonas Hiller without a rebound.
13:39 of 3rd period - Mark Arcobello wins face-off versus Tyler Bozak in Sharks zone.
13:40 of 3rd period - Shot by Tuomo Ruutu.
13:40 of 3rd period - Shot Misses the Net.
13:42 of 3rd period - Shot by Jake Gardiner.
13:42 of 3rd period - Stopped by Jonas Hiller without a rebound.
13:43 of 3rd period - Tyler Bozak wins face-off versus Mark Arcobello in Sharks zone.
14:03 of 3rd period - Shot by Jake Gardiner.
14:03 of 3rd period - Stopped by Jonas Hiller without a rebound.
14:04 of 3rd period - Joe Thornton wins face-off versus Tyler Bozak in Sharks zone.
14:16 of 3rd period - Shot by Jake Gardiner.
14:16 of 3rd period - Shot Misses the Net.
14:28 of 3rd period - Shot by Jake Gardiner.
14:28 of 3rd period - Stopped by Jonas Hiller without a rebound.
14:29 of 3rd period - Rich Peverley wins face-off versus Mark Arcobello in Sharks zone.
15:49 of 3rd period - Shot by Sam Gagner.
15:49 of 3rd period - Stopped by Jonas Hiller with a rebound.
15:56 of 3rd period - Loui Eriksson is hit by Robert Bortuzzo and loses puck.
16:21 of 3rd period - Shot by Andrew Shaw.
16:21 of 3rd period - Deflect By Tyler Bozak.
16:21 of 3rd period - Stopped by Roberto Luongo without a rebound.
16:22 of 3rd period - Joe Thornton wins face-off versus Tyler Bozak in RedWings zone.
16:22 of 3rd period - Joe Thornton is hit by Andrew Shaw.
16:27 of 3rd period - Jake Gardiner is hit by Cory Sarich and loses puck.
16:59 of 3rd period - Tuomo Ruutu is hit by Chris Butler and loses puck.
18:06 of 3rd period - Shot by Matt Beleskey.
18:06 of 3rd period - Stopped by Roberto Luongo without a rebound.
18:07 of 3rd period - Stephen Weiss wins face-off versus Sam Gagner in RedWings zone.
18:37 of 3rd period - Shot by Loui Eriksson.
18:37 of 3rd period - Deflect By Ondrej Palat.
18:37 of 3rd period - Stopped by Jonas Hiller without a rebound.
18:38 of 3rd period - Tyler Bozak wins face-off versus Sean Bergenheim in Sharks zone.
18:38 of 3rd period - Tyler Bozak is hit by Sean Bergenheim.
18:43 of 3rd period - Martin Havlat is hit by Tuomo Ruutu and loses puck.
18:52 of 3rd period - Sharks, Jonas Hiller is pulled from the net.
18:56 of 3rd period - Shot by Andrew Shaw.
18:56 of 3rd period - Shot Misses the Net.
18:58 of 3rd period - Shot by Martin Havlat.
18:58 of 3rd period - Shot Misses the Net.
19:00 of 3rd period - Shot by Tyler Bozak.
19:00 of 3rd period - Shot Misses the Net.
19:30 of 3rd period - Shot by Tyler Bozak.
19:30 of 3rd period - Shot Blocked by Jake Gardiner.
19:32 of 3rd period - Shot by Matt Beleskey.
19:32 of 3rd period - Goal by Matt Beleskey - Sharks : 3 - RedWings : 3.
19:32 of 3rd period - Jonas Hiller from Sharks was sent back in the game.
19:33 of 3rd period - Rich Peverley wins face-off versus Sam Gagner in neutral zone.
19:42 of 3rd period - Shot by Matt Beleskey.
19:42 of 3rd period - Shot Misses the Net.
Goals for this period are 2 for Sharks vs 0 for RedWings.
Shots for this period are 8 for Sharks vs 13 for RedWings.

Overtime #1


0:01 of 1st overtime period - Tuomo Ruutu wins face-off versus Tyler Bozak in neutral zone.
0:20 of 1st overtime period - Shot by Tyler Bozak.
0:20 of 1st overtime period - Shot Misses the Net.
0:22 of 1st overtime period - Shot by Jannik Hansen.
0:22 of 1st overtime period - Shot Misses the Net.
0:24 of 1st overtime period - Shot by Vyacheslav Voynov.
0:24 of 1st overtime period - Stopped by Roberto Luongo without a rebound.
0:25 of 1st overtime period - Tyler Bozak wins face-off versus Tuomo Ruutu in RedWings zone.
0:32 of 1st overtime period - Shot by Tyler Bozak.
0:32 of 1st overtime period - Shot Misses the Net.
0:48 of 1st overtime period - Shot by Eric Brewer.
0:48 of 1st overtime period - Stopped by Jonas Hiller without a rebound.
0:49 of 1st overtime period - Rich Peverley wins face-off versus Tuomo Ruutu in Sharks zone.
1:28 of 1st overtime period - Shot by Andrew Shaw.
1:28 of 1st overtime period - Shot Misses the Net.
2:00 of 1st overtime period - Shot by Jannik Hansen.
2:00 of 1st overtime period - Stopped by Roberto Luongo without a rebound.
2:01 of 1st overtime period - Tyler Bozak wins face-off versus Mark Arcobello in RedWings zone.
2:04 of 1st overtime period - Shot by Tyler Bozak.
2:04 of 1st overtime period - Deflect By Jannik Hansen.
2:04 of 1st overtime period - Shot Misses the Net.
2:58 of 1st overtime period - Shot by Sam Gagner.
2:58 of 1st overtime period - Deflect By Loui Eriksson.
2:58 of 1st overtime period - Shot Misses the Net.
4:03 of 1st overtime period - Shot by Rich Peverley.
4:03 of 1st overtime period - Stopped by Roberto Luongo with a rebound.
4:05 of 1st overtime period - Shot by Vyacheslav Voynov.
4:05 of 1st overtime period - Shot Misses the Net.
4:36 of 1st overtime period - Off-side.
4:37 of 1st overtime period - Rich Peverley wins face-off versus Mark Arcobello in neutral zone.
4:47 of 1st overtime period - Shot by Mark Arcobello.
4:47 of 1st overtime period - Stopped by Jonas Hiller without a rebound.
4:48 of 1st overtime period - Tyler Bozak wins face-off versus Mark Arcobello in Sharks zone.
Goals for this period are 0 for Sharks vs 0 for RedWings.
Shots for this period are 3 for Sharks vs 2 for RedWings.

ShootOut


5:00 of 1st overtime period - Penalty Shot by Tyler Bozak for Sharks.
5:00 of 1st overtime period - Stopped by Roberto Luongo.
5:00 of 1st overtime period - Penalty Shot by Joe Thornton for RedWings.
5:00 of 1st overtime period - Shot Misses the Net.
5:00 of 1st overtime period - Penalty Shot by Andrew Shaw for Sharks.
5:00 of 1st overtime period - Goal by Andrew Shaw.
5:00 of 1st overtime period - Penalty Shot by Loui Eriksson for RedWings.
5:00 of 1st overtime period - Stopped by Jonas Hiller.
5:00 of 1st overtime period - Penalty Shot by Rich Peverley for Sharks.
5:00 of 1st overtime period - Stopped by Roberto Luongo.
5:00 of 1st overtime period - Penalty Shot by Alexandre Burrows for RedWings.
5:00 of 1st overtime period - Shot Misses the Net.


Output by the SimonT Hockey Simulator (STHS) for Stephane Roy -- Original Page W3C XHTML 1.0 Valid
Hockey Simulator - Hockey Simulation - Hockey Manager